 Dungeon Crawl Stone Soup version 0.20.1-1-g8b1a95d (webtiles) character file.

3300 DragonMage94 the Bludgeoner (level 9, -21/71 HPs)
             Began as a Minotaur Fighter on Nov 3, 2017.
             Was a High Priest of Okawaru.
             Killed from afar by Maurice (26 damage)
             ... with a wand of acid (?/15)
             ... on level 8 of the Dungeon.
             The game lasted 00:54:12 (7429 turns).

DragonMage94 the Bludgeoner (Minotaur Fighter)      Turns: 7429, Time: 00:54:12

Health: -21/71     AC:  4    Str: 28    XL:     9   Next: 70%
Magic:  8/8        EV:  9    Int:  5    God:    Okawaru [*****.]
Gold:   519        SH: 10    Dex:  9    Spells: 8/8 levels left

rFire    . . .     SeeInvis .   F - +0 flail (holy)
rCold    + . .     Gourm    .   c - +0 shield
rNeg     . . .     Faith    +   D - +3 leather armour
rPois    .         Spirit   .   (helmet restricted)
rElec    .         Reflect  .   (no cloak)
rCorr    .         Harm     .   u - +1 pair of gloves {Str+3}
MR       .....                  (no boots)
Stlth    +.........             z - amulet of faith
Regen    0.3/turn               s - ring of protection from cold
MPRegen  0.2/turn               (no ring)

@: corroded
A: retaliatory headbutt, horns 2
a: Heroism, Finesse, Renounce Religion


You were on level 8 of the Dungeon.
You worshipped Okawaru.
Okawaru was extremely pleased with you.
You were not hungry.

You visited 1 branch of the dungeon, and saw 8 of its levels.

You collected 519 gold pieces.

Inventory:

Hand Weapons
 F - a +0 flail of holy wrath (weapon)
Armour
 b - a +0 scale mail
 c - a +0 shield (worn)
 i - a +0 ring mail
 u - a +1 pair of gloves of strength (worn)
 D - a +3 leather armour (worn)
Jewellery
 s - a ring of protection from cold (left hand)
 y - an uncursed ring of fire {unknown}
 z - an amulet of faith (around neck)
Wands
 C - a wand of flame (19/48)
 H - a wand of iceblast (3/15)
 K - a wand of iceblast (7/15)
Scrolls
 j - 2 scrolls of immolation {unknown}
 k - 3 scrolls of remove curse
 n - 2 scrolls of fog
 q - 3 scrolls of magic mapping
 r - a scroll of recharging {unknown}
 t - a scroll of fear {unknown}
 I - 4 scrolls of identify {unknown}
 J - 4 scrolls of teleportation {unknown}
Potions
 d - 6 potions of might
 e - a potion of ambrosia {unknown}
 h - a potion of magic {unknown}
 l - 3 potions of heal wounds
 m - a potion of degeneration {unknown}
 o - 2 potions of berserk rage {unknown}
 w - a potion of haste {unknown}
 x - 3 potions of invisibility {unknown}
 A - a potion of mutation {unknown}
 E - a potion of agility {unknown}
 G - 2 potions of cancellation {unknown}
Books
 B - a book of Misfortune

   Spells                             Type                      Level
   a - Confusing Touch                Hexes                        1
   b - Confuse                        Hexes                        3
   c - Gell's Gravitas                Translocation                3
   d - Petrify                        Transmutation/Earth          4
   e - Metabolic Englaciation         Hexes/Ice                    5
   f - Yara's Violent Unravelling     Hexes/Transmutation          5
 L - a book of Cantrips

   Spells                             Type                      Level
   a - Confusing Touch                Hexes                        1
   b - Animate Skeleton               Necromancy                   1
   c - Summon Small Mammal            Summoning                    1
   d - Apportation                    Translocation                1
Comestibles
 f - 7 bread rations
 g - 2 meat rations
 p - 5 royal jellies
 N - 3 chunks of flesh


   Skills:
 - Level 3.7 Fighting
 * Level 15.4 Maces & Flails
 - Level 3.6 Armour
 - Level 1.0 Dodging
 - Level 0.1 Stealth
 - Level 3.7 Shields


You had 8 spell levels left.
You didn't know any spells.

Dungeon Overview and Level Annotations

Branches:
Dungeon (8/15)             Temple (0/1) D:7
   Lair: D:8-11

Altars:
Ashenzari
Fedhas
Gozag
Hepliaklqana
Makhleb
Okawaru
Qazlal
Ru
Sif Muna
Vehumet

Annotations:
D:8 Maurice


Innate Abilities, Weirdness & Mutations

You reflexively headbutt those who attack you in melee.
You have a pair of horns on your head.


Message History

The orc wizard blinks!
A sky beast appears from thin air!
Reactivating autopickup.
Some of the chunks of flesh in your inventory have rotted away.
Deactivating autopickup; reactivate with Ctrl-A.
You miss something. You headbutt something. Something hits you!
* * * LOW HITPOINT WARNING * * *
Something steals your +0 flail!
You hear a zap.
A bolt of acid appears from out of thin air!
The bolt of acid hits you!
* * * LOW HITPOINT WARNING * * *
The acid corrodes you!
You are splashed with acid!
The acid burns!
* * * LOW HITPOINT WARNING * * *
The sky beast flickers out of sight!
The orc wizard mumbles some strange words.
The orc wizard blinks!
You hear a zap.
A bolt of acid appears from out of thin air!
The bolt of acid hits you!
You die...

##≈######## .
#{# # #.# # #l#
# #o# #.# #.# ##
#.# #. #@# #.
#.# ####. #.#
#.... #.# #.###
#.# #.# #.# #.#
#.############.#
#..............#
################


You could see a wyvern and an orc.

Vanquished Creatures
  Pikel (D:7)
  Prince Ribbit (D:8)
  2 hippogriffs (D:7)
  A spriggan (D:7)
  Eustachio (D:6)
  A steam dragon (D:7)
  Duvessa (D:7)
  2 sky beasts
  A slave (D:7)
  A necrophage (D:7)
  2 ice beasts (D:7)
  2 ogres
  A big kobold (D:7)
  4 bullfrogs
  Dowan (D:7)
  A water moccasin zombie (D:7)
  A scorpion (D:7)
  2 howler monkeys (D:8)
  3 crimson imps (D:6)
  2 hounds
  A bullfrog skeleton (D:6)
  2 orc priests (D:8)
  A jelly (D:5)
  An iguana (D:4)
  3 worker ants
  8 adders
  A howler monkey skeleton (D:8)
  A worker ant zombie (D:7)
  2 adder skeletons (D:4)
  An adder zombie (D:6)
  5 worms
  4 dart slugs
  10 leopard geckos
  10 orcs
  12 bats
  5 giant cockroaches
  7 hobgoblins
  11 jackals
  3 quokkas
  3 ball pythons
  8 frilled lizards
  6 goblins
  9 kobolds
  5 rats
150 creatures vanquished.

Vanquished Creatures (others)
  2 slaves (D:7)
  A bullfrog (D:7)
  A scorpion (D:7)
  A crimson imp (D:7)
5 creatures vanquished.

Grand Total: 155 creatures vanquished

Notes
Turn   | Place    | Note
-------+----------+-------------------------------------------
     0 | D:1      | DragonMage94 the Minotaur Fighter began the quest for the Orb.
     0 | D:1      | Reached XP level 1. HP: 19/19 MP: 0/0
     7 | D:1      | Noticed an anaconda
     7 | D:1      | Noticed a wolf
     7 | D:1      | Noticed a black bear
     7 | D:1      | Noticed a komodo dragon
    63 | D:1      | Reached skill level 3 in Maces & Flails
    90 | D:1      | Reached XP level 2. HP: 26/27 MP: 1/1
   844 | D:2      | Reached skill level 4 in Maces & Flails
   845 | D:2      | Reached XP level 3. HP: 33/33 MP: 2/2
  1347 | D:2      | Reached XP level 4. HP: 23/40 MP: 3/3
  1515 | D:2      | Found an opulent altar of Gozag.
  1587 | D:2      | Reached skill level 1 in Dodging
  1655 | D:2      | Reached skill level 5 in Maces & Flails
  2422 | D:3      | Found a hazy altar of Hepliaklqana.
  2428 | D:3      | Found a blossoming altar of Fedhas.
  2433 | D:3      | Found a deep blue altar of Sif Muna.
  2439 | D:3      | Found a sacrificial altar of Ru.
  2439 | D:3      | Found a burning altar of Makhleb.
  2439 | D:3      | Found an iron altar of Okawaru.
  2439 | D:3      | Found a shattered altar of Ashenzari.
  2451 | D:3      | Found a radiant altar of Vehumet.
  2456 | D:3      | Found a stormy altar of Qazlal.
  2475 | D:3      | Became a worshipper of Warmaster Okawaru
  3069 | D:2      | Reached skill level 6 in Maces & Flails
  3069 | D:2      | Reached XP level 5. HP: 44/46 MP: 4/4
  3605 | D:4      | Reached skill level 7 in Maces & Flails
  3631 | D:4      | Noticed an ogre
  3637 | D:4      | Killed an ogre
  3637 | D:4      | Reached XP level 6. HP: 35/52 MP: 5/5
  3927 | D:5      | Entered Level 5 of the Dungeon
  3927 | D:5      | Noticed a sky beast
  3941 | D:5      | Killed a sky beast
  3941 | D:5      | Reached skill level 8 in Maces & Flails
  4054 | D:5      | Reached * piety under Okawaru
  4227 | D:5      | Noticed Eustachio
  4280 | D:6      | Killed Eustachio
  4280 | D:6      | Reached skill level 9 in Maces & Flails
  4280 | D:6      | Reached XP level 7. HP: 28/58 MP: 6/6
  5033 | D:6      | Reached skill level 10 in Maces & Flails
  5199 | D:6      | Reached ** piety under Okawaru
  5318 | D:6      | Reached skill level 11 in Maces & Flails
  5318 | D:6      | Reached XP level 8. HP: 57/66 MP: 7/7
  5706 | D:7      | Noticed a hippogriff
  5713 | D:7      | Killed a hippogriff
  5713 | D:7      | Reached *** piety under Okawaru
  5845 | D:7      | Reached skill level 12 in Maces & Flails
  5853 | D:7      | Noticed Pikel
  5876 | D:7      | Killed Pikel
  5876 | D:7      | Reached **** piety under Okawaru
  5876 | D:7      | Reached skill level 13 in Maces & Flails
  6188 | D:7      | Reached XP level 9. HP: 71/71 MP: 8/8
  6193 | D:7      | Noticed Duvessa
  6197 | D:7      | Noticed Dowan
  6202 | D:7      | Reached ***** piety under Okawaru
  6202 | D:7      | Reached skill level 14 in Maces & Flails
  6210 | D:7      | Killed Duvessa
  6222 | D:7      | Killed Dowan
  7101 | D:7      | Found a staircase to the Ecumenical Temple.
  7256 | D:8      | Reached skill level 15 in Maces & Flails
  7403 | D:8      | Noticed Prince Ribbit
  7406 | D:8      | Noticed Maurice
  7416 | D:8      | Killed Prince Ribbit
  7429 | D:8      | Killed from afar by Maurice

Skill      XL: |  1  2  3  4  5  6  7  8  9 |
---------------+----------------------------+-----
Maces & Flails | 3 4 6 7 9 11 13 15 | 15.4
Dodging        | 1 |  1.0
Fighting       | |  3.7
Armour         | |  3.6
Stealth        | |  0.1
Shields        | |  3.7

Action                   |  1- 3 |  4- 6 |  7- 9 || total
-------------------------+-------+-------+-------++-------
Melee: Flail             |    71 |   216 |   252 ||   539
       Headbutt          |     7 |    29 |    46 ||    82
  Use: Scroll            |       |     2 |     1 ||     3
       Potion            |       |     1 |     2 ||     3
  Eat: Chunk             |     1 |     5 |     3 ||     9
       Meat ration       |       |     1 |     1 ||     2
       Bread ration      |       |       |     1 ||     1
Armor: Scale mail        |     1 |       |       ||     1
       Ring mail         |    28 |    94 |       ||   122
       Leather armour    |       |       |    45 ||    45
Dodge: Dodged            |    26 |    90 |    62 ||   178
Block: Shield            |    43 |   128 |    91 ||   262
